 Dungeon Crawl Stone Soup version 0.21.1-1-g345015f (webtiles) character file.

5166 Fang the Cleaver (level 10, -2/96 HPs)
             Began as a Gargoyle Berserker on June 2, 2018.
             Was a High Priest of Trog.
             Slain by a yak (4 damage)
             ... on level 9 of the Dungeon on June 4, 2018.
             The game lasted 00:17:36 (8523 turns).

Fang the Cleaver (Gargoyle Berserker)               Turns: 8523, Time: 00:17:36

Health: -2/96      AC: 17    Str: 29    XL:     10   Next: 59%
Magic:  10/10      EV: 14    Int:  8    God:    Trog [*****.]
Gold:   478        SH:  0    Dex:  9    Spells: 9/9 levels left

rFire    . . .     SeeInvis .   n - +2 hand axe (pain)
rCold    . . .     Gourm    .   (no shield)
rNeg     + . .     Faith    .   J - +1 robe {MR+}
rPois    ∞         Spirit   .   (no helmet)
rElec    +         Reflect  .   (no cloak)
rCorr    +         Harm     .   k - +2 pair of gloves
MR       ++...                  i - +2 pair of boots
Stlth    ..........             (no amulet)
HPRegen  0.26/turn              s - ring of resist corrosion
MPRegen  0.12/turn              e - ring of flight

@: berserking (expiring), very quick
A: rugged brown scales 1, magic resistance 1, negative energy resistance 1,
electricity resistance, unbreathing, petrification resistance, rot immunity,
sturdy frame 1, AC +7
a: Berserk, Trog's Hand, Brothers in Arms, Burn Spellbooks, Renounce Religion,
Evoke Flight


You were on level 9 of the Dungeon.
You worshipped Trog.
Trog was extremely pleased with you.
You were not hungry.

You visited 2 branches of the dungeon, and saw 10 of its levels.
You also visited: Ossuary.

You collected 478 gold pieces.

Inventory:

Hand Weapons
 a - a +1 hand axe
 d - a +2 war axe of flaming
 n - a +2 hand axe of pain (weapon)
Armour
 i - a +2 pair of boots (worn)
 k - a +2 pair of gloves (worn)
 x - a +2 robe of fire resistance
 J - a +1 robe of magic resistance (worn)
Jewellery
 e - a ring of flight (right hand)
 s - a ring of resist corrosion (left hand)
Wands
 f - a wand of polymorph (16)
 h - a wand of paralysis (29)
 u - a wand of flame (21)
 y - a wand of iceblast (8)
 H - a wand of digging (17)
Scrolls
 b - a scroll of identify
 q - 2 scrolls of teleportation
 r - 2 scrolls of blinking
 t - 7 scrolls of remove curse
 C - 2 scrolls of fear
 F - 3 scrolls of fog
 G - a scroll of magic mapping
Potions
 g - 2 potions of resistance
 l - a potion of brilliance
 m - 6 potions of curing
 o - 6 potions of heal wounds
 p - a potion of haste
 v - a potion of magic
 w - 5 potions of might {unknown}
 z - a potion of cancellation
 A - 4 potions of agility
 B - a potion of invisibility
 E - 7 potions of degeneration {unknown}
 I - 2 potions of lignification {unknown}
Comestibles
 c - 9 rations


   Skills:
 + Level 7.5 Fighting
 + Level 10.5 Axes
 + Level 2.2 Armour
 + Level 6.3 Dodging
 + Level 5.2 Stealth


You had 9 spell levels left.
You didn't know any spells.

Dungeon Overview and Level Annotations

Branches:
Dungeon (9/15)             Temple (1/1) D:6             Orc (0/2) D:9
   Lair: D:8-11

Altars:
Ashenzari
Cheibriados
Dithmenos
Elyvilon
Fedhas
Gozag
Hepliaklqana
Kikubaaqudgha
Makhleb
Nemelex Xobeh
Okawaru
Qazlal
Ru
Sif Muna
Trog
Uskayaw
Vehumet
Wu Jian
Xom
Yredelemnul
Zin
The Shining One

Shops:
D:4 (!=*   D:6 =


Innate Abilities, Weirdness & Mutations

You are resistant to torment.
Your stone body is resilient. (AC +7)
You are immune to poison.
You resist negative energy. (rN+)
You are resistant to electric shocks. (rElec)
You can survive without breathing.
You are immune to petrification.
You are immune to rotting.
You are partially covered in rugged brown scales. (AC +1, +3% HP)
You are resistant to hostile enchantments. (MR+)
Your movements are slightly less encumbered by armour. (ER -2)


Message History

You hit the yak. You slash the yak!
Unknown command.
You slash the yak!
The yak is severely wounded.
You slash the yak!
You hit the yak. x2; The yak gores you but does no damage.
The yak gores you.
* * * LOW HITPOINT WARNING * * *
The yak gores you but does no damage.
Unknown command.
You hit the yak.
The yak is moderately wounded.
You hit the yak.
You slash the yak! x2; The yak gores you.
* * * LOW HITPOINT WARNING * * *
The yak closely misses you. The yak gores you.
* * * LOW HITPOINT WARNING * * *
Unknown command.
You completely miss the yak.
The yak is moderately wounded.
You barely miss the yak. x2; You slash the yak!
The yak gores you.
You die...

.........# ..
....>....# #..#
.........## ..#
..........##.#
..........#..#
.....o.o....#
.....oYYY...#
......Y@))..###
.###...)......###
#####........# ...
#..##..... #..#
##..# #... #..#
#..##.... #..##
#........
#...#######........
#.................


You could see 4 yaks, an orc priest and 2 orcs.

Vanquished Creatures
  Joseph (D:8)
  Grinder (D:6)
  6 yaks
  Grum (D:8)
  A steam dragon (D:7)
  Menkaure (D:4)
  A water moccasin (D:9)
  Duvessa (D:5)
  2 sky beasts
  A phantom (D:9)
  4 orc warriors (D:9)
  An ice beast (D:6)
  2 wolves (D:8)
  A centaur (D:8)
  An ogre (D:8)
  A big kobold (D:8)
  Blork the orc (D:5)
  3 bullfrogs
  Dowan (D:5)
  4 scorpions
  5 wights (D:8)
  A howler monkey (D:4)
  4 crimson imps
  A centaur zombie (Ossuary)
  5 hounds
  A quasit (D:8)
  A human zombie (Ossuary)
  2 jellies (D:5)
  Crazy Yiuf (D:2)
  9 orc priests
  An orc wizard (D:9)
  2 iguanas (D:6)
  Ijyb (D:5)
  4 worker ants
  A big kobold zombie (Ossuary)
  A hound zombie (D:7)
  3 mummies (Ossuary)
  Robin (D:3)
  4 gnolls (D:2)
  8 adders
  A shadow imp (D:3)
  An ooze (D:3)
  An adder skeleton (D:4)
  3 worms
  2 dart slugs
  2 leopard geckos (D:7)
  17 orcs
  2 ball pythons
  4 giant cockroaches
  A gnoll zombie (Ossuary)
  17 goblins
  13 hobgoblins
  15 jackals
  8 quokkas
  7 bats
  4 frilled lizards
  8 kobolds
  2 kobold zombies (Ossuary)
  A leopard gecko skeleton (D:6)
  3 orc zombies
  4 rats
207 creatures vanquished.

Notes
Turn   | Place    | Note
-------+----------+-------------------------------------------
     0 | D:1      | Fang the Gargoyle Berserker began the quest for the Orb.
     0 | D:1      | Reached XP level 1. HP: 14/14 MP: 1/1
   106 | D:1      | Reached skill level 3 in Axes
   117 | D:1      | Reached XP level 2. HP: 5/19 MP: 2/2
   716 | D:2      | Reached ** piety under Trog
   718 | D:2      | Reached XP level 3. HP: 18/24 MP: 3/3
   720 | D:2      | Found a stormy altar of Qazlal.
  1167 | D:2      | Reached XP level 4. HP: 24/29 MP: 4/4
  1304 | D:2      | Reached skill level 4 in Axes
  1502 | D:2      | Reached XP level 5. HP: 23/33 MP: 5/5
  1740 | D:2      | Found a runed door.
  2008 | D:2      | Noticed Crazy Yiuf
  2012 | D:2      | Killed Crazy Yiuf
  2182 | D:3      | Reached XP level 6. HP: 29/39 MP: 6/6
  2200 | D:3      | Reached skill level 5 in Axes
  2261 | D:3      | Noticed Robin
  2273 | D:3      | Reached *** piety under Trog
  2277 | D:3      | Killed Robin
  2854 | D:3      | Found a deep blue altar of Sif Muna.
  3012 | D:4      | Found Zucuuz's Weapon Shoppe.
  3334 | D:4      | Found a sacrificial altar of Ru.
  3347 | D:4      | Reached XP level 7. HP: 42/44 MP: 7/7
  3348 | D:4      | Noticed Menkaure
  3362 | D:4      | Killed Menkaure
  3362 | D:4      | Reached skill level 6 in Axes
  3362 | D:4      | Reached skill level 1 in Stealth
  3661 | D:4      | Found Pemeselo's Distillery.
  3689 | D:4      | Reached **** piety under Trog
  3762 | D:4      | Found Gaurch's Jewellery Shop.
  3800 | D:4      | Found Diteam's General Store.
  4055 | D:5      | Entered Level 5 of the Dungeon
  4057 | D:5      | Noticed Duvessa
  4063 | D:5      | Noticed Dowan
  4079 | D:5      | Killed Dowan
  4079 | D:5      | Reached skill level 5 in Fighting
  4094 | D:5      | Killed Duvessa
  4094 | D:5      | Reached XP level 8. HP: 34/49 MP: 8/8
  4299 | D:5      | Found an iron altar of Okawaru.
  4331 | D:5      | Noticed Blork the orc
  4349 | D:5      | Killed Blork the orc
  4349 | D:5      | Reached skill level 7 in Axes
  4389 | D:5      | Found a glowing golden altar of the Shining One.
  4398 | D:5      | Noticed Ijyb
  4410 | D:5      | Killed Ijyb
  5119 | D:5      | Found a sparkling altar of Nemelex Xobeh.
  5202 | D:6      | Gained mutation: Your movements are slightly less encumbered by armour. (ER -2) [potion of mutation]
  5202 | D:6      | Gained mutation: You are frail. (-10% HP) [potion of mutation]
  5202 | D:6      | Gained mutation: You have sharp toenails. [potion of mutation]
  5584 | D:6      | Noticed Grinder
  5594 | D:6      | Paralysed by Grinder for 7 turns
  5609 | D:6      | Killed Grinder
  5609 | D:6      | Reached skill level 8 in Axes
  5609 | D:6      | Reached XP level 9. HP: 41/49 MP: 9/9
  5656 | D:6      | Found a staircase to the Ecumenical Temple.
  5691 | Temple   | Entered the Ecumenical Temple
  6213 | D:6      | Found Meul's Jewellery Shop.
  6465 | D:7      | Reached skill level 5 in Dodging
  6467 | D:7      | Reached skill level 9 in Axes
  6832 | D:7      | Found an opulent altar of Gozag.
  6966 | D:7      | Found a sand-covered staircase.
  6976 | Ossuary  | Entered an ossuary
  7153 | Ossuary  | Lost mutation: You are frail. (-10% HP) [potion of mutation]
  7153 | Ossuary  | Lost mutation: You have sharp toenails. [potion of mutation]
  7153 | Ossuary  | Gained mutation: You have a pair of small horns on your head. [potion of mutation]
  7153 | Ossuary  | Gained mutation: You are partially covered in icy blue scales. (AC +2) [potion of mutation]
  7178 | Ossuary  | Lost mutation: You have a pair of small horns on your head. [potion of mutation]
  7178 | Ossuary  | Lost mutation: You are partially covered in icy blue scales. (AC +2) [potion of mutation]
  7178 | Ossuary  | Gained mutation: You are resistant to hostile enchantments. (MR+) [potion of mutation]
  7178 | Ossuary  | Gained mutation: You are partially covered in rugged brown scales. (AC +1, +3% HP) [potion of mutation]
  7500 | D:8      | Reached ***** piety under Trog
  7609 | D:8      | Found a snail-covered altar of Cheibriados.
  7611 | D:8      | Noticed Joseph
  7628 | D:8      | Reached XP level 10. HP: 62/62 MP: 10/10
  7639 | D:8      | Killed Joseph
  7639 | D:8      | Reached skill level 5 in Stealth
  7718 | D:8      | Reached skill level 10 in Axes
  7773 | D:8      | Noticed Grum
  7797 | D:8      | Killed Grum
  8239 | D:9      | Received a gift from Trog
  8501 | D:9      | Found a staircase to the Orcish Mines.
  8522 | D:9      | HP: 2/96 [yak (3)]
  8523 | D:9      | Slain by a yak

Skill      XL: |  1  2  3  4  5  6  7  8  9 10 |
---------------+-------------------------------+-----
Axes           | 3 4 5 6 8 9 10 | 10.5
Fighting       | 4 5 6 7 |  7.5
Dodging        | 2 3 4 5 6 |  6.3
Stealth        | 1 3 4 5 |  5.2
Armour         | |  2.2

Action                   |  1- 3 |  4- 6 |  7- 9 | 10-12 || total
-------------------------+-------+-------+-------+-------++-------
Melee: Hand axe          |   107 |   188 |   445 |   152 ||   892
Invok: Berserk           |     2 |     6 |     7 |     2 ||    17
  Use: Scroll            |       |    12 |     8 |     1 ||    21
       Potion            |       |       |     3 |       ||     3
 Stab: Sleeping          |       |       |     8 |       ||     8
  Eat: Chunk             |     1 |    11 |    13 |     3 ||    28
       Ration            |       |     1 |     2 |     1 ||     4
Armor: Animal skin       |    40 |   107 |    39 |       ||   186
       Robe              |       |       |   107 |    65 ||   172
       Skin              |       |       |     4 |       ||     4
Dodge: Dodged            |    79 |   125 |   255 |    93 ||   552
